 Dungeon Crawl Stone Soup version 0.30-a0-632-g346586fe48 (webtiles) character file.

Game seed: 17286010982992347905

359 KennySheep the Magician (level 6, 0/47 HPs)
             Began as a Demigod Hedge Wizard on Jan 13, 2023.
             Succumbed to a scorpion's poison
             ... on level 4 of the Dungeon.
             The game lasted 00:09:25 (4369 turns).

KennySheep the Magician (Demigod Hedge Wizard)      Turns: 4369, Time: 00:09:25

Health: 0/47       AC:  3    Str: 15    XL:     6   Next: 14%
Magic:  13/15      EV: 12    Int: 20    God:
Gold:   184        SH:  0    Dex: 13    Spells: 8/13 levels left

rFire   . . .      SeeInvis .    o - +2 quarterstaff (speed)
rCold   . . .      Faith    .    (shield currently unavailable)
rNeg    . . .      Spirit   .    b - +0 robe
rPois   .          Reflect  .    i - +0 helmet
rElec   .          Harm     .    (no cloak)
rCorr   .          Rampage  .    (no gloves)
Will    .....                    (no boots)
Stlth   ++                       (no amulet)
HPRegen 0.27/turn                (no ring)
MPRegen 0.14/turn                (no ring)

@: mighty, lethally poisoned (0 -> -7), studying Fighting
A: high MP 1, forlorn, divine attributes
a: no special abilities


You were on level 4 of the Dungeon.
You visited 1 branch of the dungeon, and saw 4 of its levels.

You collected 184 gold pieces.

Inventory:

Hand Weapons
 a - a +0 dagger
 o - a +2 quarterstaff of speed (weapon)
Armour
 b - a +0 robe (worn)
 c - a +0 hat
 i - a +0 helmet (worn)
Jewellery
 u - a +6 ring of dexterity
Wands
 m - a wand of charming (8)
Scrolls
 f - 2 scrolls of blinking {unknown}
 g - a scroll of vulnerability {unknown}
 h - a scroll of enchant armour {unknown}
 j - a scroll of teleportation {unknown}
 k - a scroll of fog {unknown}
 n - a scroll of silence {unknown}
 p - a scroll of fear
 w - a scroll of identify
Potions
 d - a potion of magic


   Skills:
 + Level 1.5 Fighting
 + Level 0.1 Staves
 + Level 0.1 Armour
 + Level 1.8 Dodging
 - Level 1.7 Stealth
 + Level 4.1 Spellcasting
 - Level 0.8 Conjurations
 + Level 3.2 Summonings
 + Level 3.2 Translocations


You had 8 spell levels left.
You knew the following spells:

 Your Spells              Type           Power      Damage    Failure   Level
a - Magic Dart            Conj           28%        1d4       9%          1
b - Blink                 Tloc           34%        N/A       4%          2
c - Call Imp              Summ           17%        N/A       4%          2

Your spell library contained the following spells:

 Spells                   Type           Power      Damage    Failure   Level
 Slow                     Hex            16%        N/A       13%         1
 Cigotuvi's Dreadful Rot  Necr/Pois/Air  8%         N/A       19%         2
 Mephitic Cloud           Conj/Pois/Air  5%         N/A       34%         3
 Dispel Undead            Necr           4%         3d7       77%         4
 Death Channel            Necr           2%         N/A       100%        6


Dungeon Overview and Level Annotations

Branches:
Dungeon (4/15)
 Temple: D:4-7

Annotations:
D:4 exclusion: black bear


Innate Abilities, Weirdness & Mutations

You have an increased reservoir of magic. (+10% MP)
You shall have no god before yourself.
Your divine heritage dramatically boosts your attributes as you level up.


Message History

The iguana closely misses you.
The iguana bites you but does no damage.
Your crimson imp hits the iguana but does no damage.
The iguana attacks as you move away! The iguana bites you!
The iguana attacks as you move away! The iguana bites you!
The scorpion attacks as you move away! The scorpion closely misses you.
Your crimson imp barely misses the iguana.
You barely miss the iguana.
The iguana is lightly wounded.
The iguana barely misses you.
You barely miss the iguana.
The iguana is lightly wounded.
Your crimson imp barely misses the iguana.
The iguana bites you!
* * * LOW HITPOINT WARNING * * *
Casting: Magic Dart (safe; 9% risk of failure)
Confirm with . or Enter, or press ? or * to list all spells.
You blink.
Your crimson imp hits the iguana.
You feel very mighty all of a sudden.
Your crimson imp blinks!
The ball python closely misses you. x2
You barely miss the orc. The orc hits you but does no damage.
The ball python closely misses you. The ball python misses you.
You closely miss the orc. The scorpion stings you.
* * * LOW HITPOINT WARNING * * *
You are lethally poisoned!
The scorpion poisons you! The orc misses you.
The ball python closely misses you. x2
Okay, then.
As you read the scroll labelled SAZ OJOSUOSM, it crumbles to dust.
It is a scroll of identify.
p - a scroll of fear You feel stable enough to blink again.
* * * LOW HITPOINT WARNING * * *
You feel sick. The scorpion closely misses you. The orc completely misses you.
The ball python bites you but does no damage.
The ball python misses you.
You hit the orc.
You kill the orc!
You die...

....##..#
....##..##..##
.~.......#...#
~~.......#...#
sPl......#...#
~~.......#...#
~~..##..##...#
~~.+##..##...######
.~. ##..S.....g)@.#
~~P #...g...#..Ss.#
~.. #....s..#...l.#
P. ##......#.....#
#. #..#####.....#
....##..#...5######
........#....#
........'....+
#########....#


You could see a scorpion, an iguana, a hobgoblin, a ball python and a friendly
crimson imp (summoned).

Vanquished Creatures
  A scorpion (D:4)
  A hound (D:4)
  A gnoll bouda (D:4)
  5 adders
  A dart slug (D:3)
  5 orcs (D:4)
  4 ball pythons
  7 bats
  9 endoplasms
  3 giant cockroaches
  4 goblins
  5 hobgoblins
  4 jackals
  A quokka (D:3)
  3 frilled lizards (D:1)
  10 kobolds
  3 rats
67 creatures vanquished.

Vanquished Creatures (collateral kills)
  A jelly (D:4)
  An iguana (D:3)
  4 gnolls (D:3)
  2 adders (D:4)
  A hobgoblin (D:2)
  2 jackals
  A quokka (D:4)
12 creatures vanquished.

Vanquished Creatures (others)
  A plant (D:4)
1 creature vanquished.

Grand Total: 80 creatures vanquished

Notes
Turn   | Place    | Note
-------+----------+-------------------------------------------
     0 | D:1      | KennySheep the Demigod Hedge Wizard began the quest for the
                  | Orb.
     0 | D:1      | Reached XP level 1. HP: 14/14 MP: 6/6
    31 | D:1      | Reached skill level 1 in Summonings
    31 | D:1      | Reached skill level 1 in Translocations
   410 | D:1      | Reached XP level 2. HP: 20/20 MP: 4/8
   413 | D:1      | Learned a level 2 spell: Blink
   416 | D:1      | Learned a level 2 spell: Call Imp
  1078 | D:2      | Reached skill level 3 in Spellcasting
  1241 | D:2      | Reached XP level 3. HP: 26/26 MP: 2/10
  2535 | D:3      | Reached XP level 4. HP: 33/33 MP: 8/11
  3403 | D:4      | Reached XP level 5. HP: 38/38 MP: 8/13
  3433 | D:4      | HP: 1/38 [hound (1)]
  3779 | D:4      | Noticed a black bear
  3909 | D:4      | Reached skill level 1 in Fighting
  3909 | D:4      | Reached skill level 4 in Spellcasting
  3910 | D:4      | HP: 3/60 [poisoned by a scorpion]
  4207 | D:4      | Reached XP level 6. HP: 32/47 MP: 15/15
  4368 | D:4      | HP: 1/47 [poisoned by a scorpion]
  4369 | D:4      | Succumbed to a scorpion's poison

Illustrated notes

Levels and vault maps discovered:
D:1:      dpeg_arrival_windows_large_door, layout_loops_ring,
          kennysheep_another_room, minmay_misc_feat_pillars
D:2:      layout_basic, minmay_tripent
D:3:      layout_basic
D:4:      layout_gridville, serial_bayou, serial_bayou_crossing,
          serial_bayou_pond_b, serial_bayou_pond_d, serial_bayou_pond_e,
          serial_shops, shop, chequers_serial_rivers_micro_a, minmay_manual_moon

Skill      XL: |  1  2  3  4  5 |
---------------+----------------+-----
Summonings     | 1 2 3 |  3.2
Translocations | 1 2 3 |  3.2
Spellcasting   | 3 4 |  4.1
Fighting       | 1 |  1.5
Staves         | |  0.1
Armour         | |  0.1
Dodging        | |  1.8
Stealth        | |  1.7
Conjurations   | |  0.8

Action                   |  1- 3 |  4- 6 || total
-------------------------+-------+-------++-------
Melee: Dagger            |     8 |       ||     8
       Quarterstaff      |       |    93 ||    93
 Cast: Magic Dart        |   107 |    43 ||   150
       Call Imp          |     6 |    13 ||    19
       Blink             |       |     4 ||     4
  Use: Potion            |       |     8 ||     8
       Scroll            |       |     1 ||     1
 Stab: Sleeping          |       |     1 ||     1
Armor: Robe              |     6 |    32 ||    38
Dodge: Dodged            |    17 |    70 ||    87

Table legend: (Time is in decaauts)
 A = Elapsed time spent in this place.
 B = Non-inter-level travel time spent in this place.
 C = Inter-level travel time spent in this place.
 D = Time resting spent in this place.
 E = Time spent auto-exploring this place.
 F = Levels seen in this place.
 G = Mean time per level.
                   A        B        C        D        E       F      G
               +--------+--------+--------+--------+--------+-----+--------+
         Total |   4345 |   4297 |     48 |    383 |   3278 |   4 | 1086.2 |
       Dungeon |   4345 |   4297 |     48 |    383 |   3278 |   4 | 1086.2 |
               +--------+--------+--------+--------+--------+-----+--------+

Top non-repeatable levels by time:
     D:2: 1270 daAuts
     D:4: 1097 daAuts
     D:1: 1068 daAuts
     D:3: 909 daAuts
